 Dungeon Crawl Stone Soup version 0.19.5 (webtiles) character file.

47 Freeplumber the Caller (level 3, 0/17 HPs)
             Began as a Deep Elf Summoner on Apr 14, 2017.
             Was an Initiate of Gozag.
             Slain by an adder (4 damage)
             ... on level 2 of the Dungeon.
             The game lasted 00:10:31 (1286 turns).

Freeplumber the Caller (Deep Elf Summoner)          Turns: 1286, Time: 00:10:32

Health: 0/17       AC:  2    Str:  6    XL:     3   Next: 48%
Magic:  10/10      EV: 13    Int: 19    God:    Gozag
Gold:   184        SH:  0    Dex: 15    Spells: 4 memorised, 1 level left

rFire  . . .     SeeInvis .     j - +3 club
rCold  + . .     Gourm    .     a - +0 robe
rNeg   . . .     Faith    .     (no shield)
rPois  .         Spirit   .     (no helmet)
rElec  .         Reflect  .     (no cloak)
rCorr  .         Harm     .     (no gloves)
MR     .....                    (no boots)
Stlth  ++........               (no amulet)
                                (no ring)
                                (no ring)

@: lethally poisoned (0 -> -6)
A: blurry vision 1, cold resistance 1, frail 1
a: Potion Petition, Call Merchant, Bribe Branch, Renounce Religion


You were on level 2 of the Dungeon.
You worshipped Gozag.
Gozag was aware of your devotion.
You were near starving.

You visited 1 branch of the dungeon, and saw 2 of its levels.

You collected 201 gold pieces.
You paid 17 gold pieces to Gozag.

Inventory:

Hand Weapons
 j - a +3 club (weapon)
Armour
 a - a +0 robe (worn)
 d - a +0 pair of gloves
Jewellery
 h - an uncursed ring of protection from cold {unknown}
Scrolls
 f - 3 scrolls of remove curse
Potions
 e - a potion of magic {unknown}
 i - a potion of curing {unknown}
 k - a potion of flight {unknown}
Books
 b - a book of Callings

   Spells                             Type                      Level
   a - Summon Small Mammal            Summoning                    1
   b - Call Imp                       Summoning                    2
   c - Call Canine Familiar           Summoning                    3
   d - Summon Guardian Golem          Hexes/Summoning              3
   e - Summon Lightning Spire         Summoning/Air                4
   f - Summon Ice Beast               Ice/Summoning                4
Comestibles
 c - 2 bread rations
 g - 3 fruits


   Skills:
 + Level 2.6 Dodging
 + Level 2.4 Stealth
 + Level 4.3 Spellcasting
 + Level 5.0 Summonings


You had one spell level left.
You knew the following spells:

 Your Spells              Type           Power        Failure   Level  Hunger
a - Summon Small Mammal   Summ           ###.         1%          1    None
b - Call Imp              Summ           ###.....     2%          2    #......
c - Call Canine Familiar  Summ           ###.....     6%          3    ###....
d - Summon Guardian Gole  Hex/Summ       ##......     14%         3    ###....


Dungeon Overview and Level Annotations

Branches:
Dungeon (2/15)

Altars:
Gozag


Innate Abilities, Weirdness & Mutations

Scrolls take you a little longer to read.
Your flesh is cold resistant. (rC+)
You are frail. (-10% HP)


Message History

The adder is lightly wounded.
The adder completely misses you. The adder closely misses you.
You hit the adder.
The adder is moderately wounded.
The adder bites you but does no damage. The adder bites you.
You hit the adder.
The adder is heavily wounded.
The adder bites you. The adder barely misses you.
You closely miss the adder.
The adder is heavily wounded.
The adder bites you.
* * * LOW HITPOINT WARNING * * *
You are lethally poisoned!
The adder poisons you!
You barely miss the adder.
The adder is heavily wounded.
* * * LOW HITPOINT WARNING * * *
You feel sick. The adder misses you. The adder bites you.
You die...
Your body crumbles into a pile of gold.

.................................
#################################
... ### ###### #....#
..###########....#
..+.............@#
..##.....####..S.#
..##.....######.################
.........'..............5.....>#
.........#.(................####
.........#.....##.#########.#
....##.........##.# #.#
....##.........##.# #.#
....##.....#.####.# #.#


You could see an adder.

Vanquished Creatures
  A bat (D:2)
  A hobgoblin (D:1)
  A frilled lizard (D:2)
  A rat (D:2)
4 creatures vanquished.

Vanquished Creatures (collateral kills)
  Ijyb (D:2)
  An adder (D:2)
  2 worms (D:2)
  2 leopard geckos (D:1)
  5 bats
  3 giant cockroaches (D:1)
  5 goblins
  2 hobgoblins (D:2)
  3 jackals (D:2)
  A quokka (D:2)
  3 frilled lizards
  3 kobolds
  2 rats
33 creatures vanquished.

Grand Total: 37 creatures vanquished

Notes
Turn   | Place    | Note
-------+----------+-------------------------------------------
     0 | D:1      | Freeplumber the Deep Elf Summoner began the quest for the Orb.
     0 | D:1      | Reached XP level 1. HP: 10/10 MP: 6/6
   307 | D:1      | Reached XP level 2. HP: 5/15 MP: 0/8
   311 | D:1      | Learned a level 2 spell: Call Imp
   313 | D:1      | Gained mutation: Scrolls take you a little longer to read. [potion of mutation]
   313 | D:1      | Gained mutation: You are frail. (-10% HP) [potion of mutation]
   313 | D:1      | Gained mutation: Your flesh is cold resistant. (rC+) [potion of mutation]
   614 | D:2      | Noticed Ijyb
   615 | D:2      | Found an opulent altar of Gozag.
   639 | D:2      | Became a worshipper of Gozag Ym Sagoz the Greedy
   648 | D:2      | Killed Ijyb
   648 | D:2      | Reached skill level 5 in Summonings
   648 | D:2      | Reached XP level 3. HP: 14/17 MP: 0/10
  1123 | D:2      | Learned a level 3 spell: Call Canine Familiar
  1131 | D:2      | Learned a level 3 spell: Summon Guardian Golem
  1286 | D:2      | Slain by an adder

Skill      XL: |  1  2  3 |
---------------+----------+-----
Summonings     | 5 |  5.0
Spellcasting   | 4 |  4.3
Dodging        | |  2.6
Stealth        | |  2.4

Action                   || total
-------------------------++-------
Melee: Club              ||    46
 Cast: Summon Small Mamm ||    53
       Call Imp          ||    17
  Use: Potion            ||     2
       Scroll            ||     1
Armor: Robe              ||    32
Dodge: Dodged            ||    73
